 Dungeon Crawl Stone Soup version 0.25.0-45-g9783441 (webtiles) character file.

Game seed: 10610553366162134049

30 Cheivey the Ducker (level 3, -1/19 HPs)
             Began as a Spriggan Abyssal Knight on July 11, 2020.
             Was a Believer of Lugonu.
             Slain by a kobold
             ... wielding a +0 short sword
              (3 damage)
             ... on level 1 of the Dungeon.
             The game lasted 00:01:31 (806 turns).

Cheivey the Ducker (Spriggan Abyssal Knight)         Turns: 806, Time: 00:01:32

Health: -1/19      AC:  2    Str:  8    XL:     3   Next: 3%
Magic:  5/5        EV: 19    Int: 13    God:    Lugonu [**....]
Gold:   33         SH:  0    Dex: 16    Spells: 2/2 levels left

rFire    . . .     SeeInvis +   a - +1 short sword
rCold    . . .     Gourm    .   (shield restricted)
rNeg     . . .     Faith    .   b - +0 robe
rPois    .         Spirit   .   (helmet restricted)
rElec    .         Reflect  .   (no cloak)
rCorr    .         Harm     .   (gloves unavailable)
MR       .....                  (boots unavailable)
Stlth    ++........             (no amulet)
HPRegen  0.06/turn              (no ring)
MPRegen  0.09/turn              (no ring)

@: very quick
A: very small, unfitting armour, see invisible, herbivore, speed 3, slow
metabolism 2
a: Depart the Abyss, Bend Space, Renounce Religion


You were on level 1 of the Dungeon.
You worshipped Lugonu.
Lugonu was pleased with you.
You were not hungry.

You visited 1 branch of the dungeon, and saw 1 of its levels.
You visited the Abyss 1 time.

You collected 33 gold pieces.

Inventory:

Hand Weapons
 a - a +1 short sword (weapon)
Armour
 b - a +0 robe (worn)
Scrolls
 d - a scroll of identify {unknown}
 e - a scroll of immolation {unknown}
 h - a scroll of remove curse {unknown}
Potions
 f - a potion of heal wounds {unknown}
 g - a potion of might {unknown}
 i - a potion of haste {unknown}
Comestibles
 c - 3 rations


   Skills:
 + Level 2.5 Fighting
 + Level 2.5 Short Blades
 * Level 4.2 Dodging
 * Level 2.4 Stealth
 + Level 2.0 Invocations


You had 2 spell levels left.
You didn't know any spells.
Your spell library was empty.

Dungeon Overview and Level Annotations

Branches:
Dungeon (1/15)

Altars:


Innate Abilities, Weirdness & Mutations

You are very small and have problems with some larger weapons.
You are too small for most types of armour.
You have supernaturally acute eyesight. (SInv)
You are a herbivore.
You cover ground extremely quickly.
You need to consume almost no food.


Message History

You are too injured to fight recklessly!
You are too injured to fight recklessly!
Unknown command.
You are too injured to fight recklessly!
Unknown command.
You are too injured to fight recklessly!
You are too injured to fight recklessly!
Unknown command.
You are too injured to fight recklessly!
Unknown command.
You are too injured to fight recklessly!
You are too injured to fight recklessly!
There is an open door here.
You closely miss the kobold.
The kobold hits you with a +0 short sword!
* * * LOW HITPOINT WARNING * * *
You hit the kobold.
The kobold is moderately wounded.
The kobold hits you with a +0 short sword.
You die...

##### #.... ###### #....
##########....# #....
#........#....# #...†
#........#....#########....
+.....†..K......(.....'....
#........#@........####....
#....)...#....###..######..
+........#....#....##...#..
#........#....#.##.#..#..#.
#........#....#......#.#...
#........#..........#...#..
#........#.....#####.....##
#........+......#..........
#.......#....<....


You could see a kobold.

Vanquished Creatures
  An ooze (D:1)
  A dart slug (D:1)
  2 bats (D:1)
  4 giant cockroaches (D:1)
  3 goblins (D:1)
  2 hobgoblins (D:1)
  2 jackals (D:1)
  6 frilled lizards (D:1)
  A kobold (D:1)
  A rat (D:1)
23 creatures vanquished.

Notes
Turn   | Place    | Note
-------+----------+-------------------------------------------
     0 | Abyss:1  | Cheivey the Spriggan Abyssal Knight began the quest for the
                  | Orb.
     0 | Abyss:1  | Reached XP level 1. HP: 11/11 MP: 3/3
     9 | D:1      | Escaped the Abyss
    32 | D:1      | Reached skill level 1 in Stealth
   124 | D:1      | Reached XP level 2. HP: 15/16 MP: 4/4
   296 | D:1      | Reached skill level 4 in Dodging
   621 | D:1      | Reached ** piety under Lugonu
   787 | D:1      | Reached XP level 3. HP: 19/19 MP: 5/5
   806 | D:1      | Slain by a kobold

Illustrated notes

Levels and vault maps discovered:
D:1:      scummos_arrival_star, layout_basic

Skill      XL: |  1  2 |
---------------+-------+-----
Stealth        | 1 2 |  2.4
Dodging        | 4 |  4.2
Invocations    | 2 |  2.0
Fighting       | |  2.5
Short Blades   | |  2.5

Action                   || total
-------------------------++-------
Melee: Short sword       ||    64
 Stab: Sleeping          ||     3
Armor: Robe              ||     8
Dodge: Dodged            ||    61
